 Dungeon Crawl Stone Soup version 0.29-a0-555-g3b24f45cc1 (console) character file.

Game seed: 8446598318236182254

11 om the Grave Robber (level 2, -1/20 HPs)
             Began as a Ghoul Necromancer on June 7, 2022.
             Slain by a quokka (2 damage)
             ... on level 1 of the Dungeon.
             The game lasted 00:01:21 (420 turns).

om the Grave Robber (Ghoul Necromancer)              Turns: 420, Time: 00:01:21

Health: -1/20      AC:  2    Str: 11    XL:     2   Next: 25%
Magic:  1/4        EV: 12    Int: 10    God:
Gold:   5          SH:  0    Dex:  9    Spells: 4/5 levels left

rFire   . . .      SeeInvis .   (no weapon)
rCold   + . .      Faith    .   (no shield)
rNeg    + + +      Spirit   .   a - +0 robe
rPois   ∞          Reflect  .   (no helmet)
rElec   .          Harm     .   (no cloak)
rCorr   .          Rampage  .   (no gloves)
Will    .....                   (no boots)
Stlth   ++........              (no amulet)
HPRegen 0.00/turn               (no ring)
MPRegen 0.09/turn               (no ring)

@: inhibited regen
A: claws 1, cold resistance 1, negative energy resistance 3, inhibited
regeneration, torment resistance 2, devour on kill
a: no special abilities


You were on level 1 of the Dungeon.
You visited 1 branch of the dungeon, and saw 1 of its levels.

You collected 5 gold pieces.

Inventory:

Armour
 a - a +0 robe (worn)
Scrolls
 c - a scroll of identify {unknown}
 d - a scroll of noise {unknown}
Potions
 b - a potion of magic


   Skills:
 + Level 2.0 Dodging
 + Level 2.4 Stealth
 * Level 2.0 Spellcasting
 * Level 4.1 Necromancy


You had 4 spell levels left.
You knew the following spells:

 Your Spells              Type           Power      Damage    Failure   Level
a - Necrotize             Necr           36%        1d5       6%          1

Your spell library contained the following spells:

 Spells                   Type           Power      Damage    Failure   Level
 Vampiric Draining        Necr           9%         2d6       17%         3
 Animate Dead             Necr           9%         N/A       50%         4
 Agony                    Necr           9%         N/A       85%         5


Dungeon Overview and Level Annotations

Branches:
Dungeon (1/15)

Altars:


Innate Abilities, Weirdness & Mutations

You are immune to poison.
You have sharp fingernails.
Your flesh is cold resistant. (rC+)
You are immune to negative energy. (rN+++)
You do not regenerate when monsters are visible.
You are immune to unholy pain and torment.
You thrive by killing the living.


Message History

You kill the jackal!
You feel better.
Your Spellcasting skill increases to level 2!
You see here a jackal corpse.
You start resting.
Magic restored.
HP restored.
A quokka comes into view.
A quokka is nearby!
A quokka is nearby!
Aiming: Necrotize (safe; 6% risk of failure)
Press: ? - help, Q - select action Shift-Dir - straight line, f - quokka
Aim: a quokka (chance to affect: 76%)
The quokka barely resists.
The quokka bites you.
You barely miss the quokka. The quokka bites you.
You miss the quokka. The quokka bites you.
You scratch the quokka but do no damage.
The quokka bites you.
You scratch the quokka but do no damage.
The quokka bites you.
* * * LOW HITPOINT WARNING * * *
The quokka closely misses you.
You scratch the quokka but do no damage.
The quokka bites you but does no damage.
You barely miss the quokka. The quokka completely misses you.
Aiming: Necrotize (safe; 6% risk of failure)
Press: ? - help, Q - select action Shift-Dir - straight line, f/p - quokka
Aim: a quokka (chance to affect: 76%)
The quokka writhes in agony.
The quokka bites you.
* * * LOW HITPOINT WARNING * * *
Aiming: Necrotize (safe; 6% risk of failure)
Press: ? - help, Q - select action Shift-Dir - straight line, f/p - quokka
Aim: a quokka (severely wounded, chance to affect: 76%)
The quokka writhes in agony.
The quokka bites you.
* * * LOW HITPOINT WARNING * * *
The quokka bites you.
You die...

### ##.## ###.#.##
...###.## ## ..##
##.############ ..
##.###.##..........#.####
###.#..............$.....
# ##.#..........@r.......
#########†########.#...##
..[......†# .# .#
..#.####### .. #.#.# ..#
#.#.# ..# #.#.# ... ....#
#.# #.#.# ..#.# .)..#


You could see a quokka.

Vanquished Creatures
  A ball python (D:1)
  A giant cockroach (D:1)
  A goblin (D:1)
  A hobgoblin (D:1)
  2 jackals (D:1)
  A kobold (D:1)
  A bat (D:1)
  A frilled lizard (D:1)
9 creatures vanquished.

Notes
Turn   | Place    | Note
-------+----------+-------------------------------------------
     0 | D:1      | om the Ghoul Necromancer began the quest for the Orb.
     0 | D:1      | Reached XP level 1. HP: 14/14 MP: 2/2
   162 | D:1      | Reached XP level 2. HP: 20/20 MP: 1/3
   420 | D:1      | HP: 1/20 [quokka (1)]
   420 | D:1      | Slain by a quokka

Illustrated notes

Levels and vault maps discovered:
D:1:      saegor_arrival_simple_b, layout_loops_ring,
          hellmonk_ecumenical_altar_prayer_group, minivault_23, minmay_tall_x

Skill      XL: |  1  2 |
---------------+-------+-----
Dodging        | 2 |  2.0
Spellcasting   | 2 |  2.0
Stealth        | |  2.4
Necromancy     | |  4.1

Action                   || total
-------------------------++-------
Melee: Unarmed           ||    30
 Cast: Necrotize         ||    14
Armor: Robe              ||    15
Dodge: Dodged            ||    35

Table legend: (Time is in decaauts)
 A = Elapsed time spent in this place.
 B = Non-inter-level travel time spent in this place.
 C = Inter-level travel time spent in this place.
 D = Time resting spent in this place.
 E = Time spent auto-exploring this place.
 F = Levels seen in this place.
 G = Mean time per level.
                   A        B        C        D        E       F      G
               +--------+--------+--------+--------+--------+-----+--------+
         Total |    420 |    420 |      0 |     62 |    270 |   1 |  420.0 |
       Dungeon |    420 |    420 |      0 |     62 |    270 |   1 |  420.0 |
               +--------+--------+--------+--------+--------+-----+--------+

Top non-repeatable levels by time:
     D:1: 420 daAuts
